 Dungeon Crawl Stone Soup version 0.29-a0-582-ge82337ba6a (webtiles) character file.

Game seed: 18225797979050991945

137193 DuloT34 the Lord of Darkness (level 16, -17/136 HPs)
             Began as a Demonspawn Necromancer on June 13, 2022.
             Was the Champion of Kikubaaqudgha.
             Constricted to death by a shambling mangrove (20 damage)
             ... on level 4 of the Swamp on June 14, 2022.
             The game lasted 02:50:20 (40653 turns).

DuloT34 the Lord of Darkness (DsNe)                Turns: 40653, Time: 02:50:20

Health: -17/136    AC: 15    Str: 11    XL:     16   Next: 68%
Magic:  6/44       EV: 16    Int: 31    God:    Kikubaaqudgha [******]
Gold:   1779       SH: 11    Dex: 14    Spells: 4/44 levels left

rFire   + . .      SeeInvis .   B - +4 whip (elec)
rCold   + . .      Faith    .   Z - +1 buckler {reflect}
rNeg    . . .      Spirit   .   z - +0 swamp dragon scales
rPois   +          Reflect  +   H - +3 hat of Pondering {ponderous, Will+ MP+10 Int+5}
rElec   .          Harm     .   K - +1 cloak
rCorr   .          Rampage  +   (no gloves)
Will    +++..      Archmagi +   (boots unavailable)
Stlth   +.........              C - amulet "Jelaesm" {Reflect Rampage rF+ rC+ SH+5}
HPRegen 0.32/turn               U - ring of the Mage {Wiz Archmagi}
MPRegen 0.29/turn               P - ring of willpower

@: mighty, agile, grasped by roots, animating dead, slowed, constricted,
studying Long Blades, very slow
A: hooves 3, foul stench 1, powered by pain 1, augmentation 1, big brain 2
a: Renounce Religion, Unearth Wretches, Torment


You were on level 4 of the Swamp.
You worshipped Kikubaaqudgha.
Kikubaaqudgha was exalted by your worship.
You visited 5 branches of the dungeon, and saw 24 of its levels.
You also visited: Bailey.

You collected 2947 gold pieces.
You spent 1168 gold pieces at shops.

Inventory:

Hand Weapons
 B - a +4 whip of electrocution (weapon)
Missiles
 g - 2 silver javelins
 y - 31 poisoned darts (quivered)
 W - a throwing net
Armour
 z - +0 swamp dragon scales (worn)
 H - the +3 hat of Pondering (worn) {ponderous, Will+ MP+10 Int+5}
   (You took it off Gastronok on level 8 of the Dungeon)

   Int:       It affects your intelligence (+5).
   MP:        It affects your magic capacity (+10).
   Will:      It increases your willpower.
 K - a +1 cloak (worn)
 R - the +0 robe "Eqoreo" {+Blink rPois Str+3 Stlth+}
   (You found it on level 4 of the Lair of Beasts)

   Str:       It affects your strength (+3).
   rPois:     It protects you from poison.
   +Blink:    It lets you blink.
   Stlth:     It makes you more stealthy.
 Z - a +1 buckler of reflection (worn)
Magical Staves
 a - a staff of fire
 e - a staff of earth
Jewellery
 c - an amulet of faith
 k - an amulet of the acrobat
 m - a ring of protection from cold
 A - the ring of Xom's Capriciousness {rElec rCorr EV+4 Str+6 Dex-5}
   (You bought it in a shop on level 2 of the Orcish Mines)

   [ring of evasion]

   EV:        It affects your evasion (+4).
   Str:       It affects your strength (+6).
   Dex:       It affects your dexterity (-5).
   rElec:     It insulates you from electricity.
   rCorr:     It protects you from acid and corrosion.
 C - the amulet "Jelaesm" (around neck) {Reflect Rampage rF+ rC+ SH+5}
   (You found it on level 8 of the Dungeon)

   [amulet of reflection]

   It reflects blocked missile attacks.
   rF:        It protects you from fire.
   rC:        It protects you from cold.
   SH:        It affects your SH (+5).
   Rampage:   It bestows one free step when moving towards enemies.
 P - a ring of willpower (right hand)
 U - the ring of the Mage (left hand) {Wiz Archmagi}
   (You found it on level 5 of the Lair of Beasts)

   [ring of wizardry]

   It improves your spell success rate.
   Archmagi:  It increases the power of your magical spells.
Wands
 i - a wand of digging (8)
 p - a wand of iceblast (5)
 I - a wand of paralysis (13)
 Q - a wand of polymorph (14)
 Y - a wand of flame (35)
Scrolls
 h - a scroll of brand weapon
 n - 5 scrolls of vulnerability
 o - a scroll of silence
 q - a scroll of summoning
 r - 4 scrolls of magic mapping
 u - 4 scrolls of fog
 w - 12 scrolls of identify
 D - 15 scrolls of teleportation
 F - 3 scrolls of enchant weapon
 J - 4 scrolls of fear
 L - 6 scrolls of amnesia
 M - 5 scrolls of enchant armour
 O - 4 scrolls of poison
Potions
 b - 2 potions of magic
 d - 6 potions of might
 f - a potion of resistance
 j - 9 potions of ambrosia
 l - 2 potions of heal wounds
 s - 3 potions of attraction
 t - 2 potions of flight
 v - 3 potions of invisibility
 x - 4 potions of mutation
 E - 3 potions of haste
 G - 5 potions of curing
 X - a potion of brilliance
Miscellaneous
 V - a phantom mirror (inert)


   Skills:
 + Level 15.6 Fighting
 - Level 10.1 Armour
 - Level 10.0 Dodging
 - Level 1.7 Stealth
 - Level 5.0 Shields
 + Level 14.6 Spellcasting
 + Level 16.5 Necromancy


You had 4 spell levels left.
You knew the following spells:

 Your Spells              Type           Power      Damage    Failure   Level
a - Necrotize             Necr           100%       1d9       0%          1
b - Vampiric Draining     Necr           100%       2d13      0%          3
c - Animate Dead          Necr           100%       N/A       1%          4
d - Agony                 Necr           100%       N/A       1%          5
e - Fulminant Prism       Conj/Hex       16%        3d11      21%         4
f - Sublimation of Blood  Necr           100%       N/A       0%          2
g - Simulacrum            Ice/Necr       42%        N/A       11%         6
h - Anguish               Hex/Necr       42%        N/A       1%          4
i - Borgnjor's Vile Clut  Necr/Erth      42%        N/A       1%          5
j - Death Channel         Necr           56%        N/A       1%          6

Your spell library contained the following spells:

 Spells                   Type           Power      Damage    Failure   Level
 Dispel Undead            Necr           100%       3d31      1%          4
 Beastly Appendage        Tmut           66%        N/A       2%          1
 Slow                     Hex            100%       N/A       2%          1
 Wereblood                Tmut           33%        N/A       3%          2
 Confusing Touch          Hex            33%        N/A       6%          3
 Gell's Gravitas          Tloc           33%        N/A       6%          3
 Inner Flame              Hex/Fire       33%        N/A       6%          3
 Spider Form              Tmut/Pois      33%        N/A       6%          3
 Teleport Other           Tloc           33%        N/A       6%          3
 Cause Fear               Hex            16%        N/A       21%         4
 Flame Wave               Conj/Fire      33%        2d8       21%         4
 Iskenderun's Mystic Bla  Conj/Tloc      33%        2d8       21%         4
 Olgreb's Toxic Radiance  Pois           33%        N/A       21%         4
 Sticky Flame             Conj/Fire      33%        2d5       21%         4
 Borgnjor's Revivificati  Necr           56%        N/A       16%         8
 Infestation              Necr           56%        N/A       16%         8
 Fireball                 Conj/Fire      16%        3d8       50%         5
 Lee's Rapid Deconstruct  Erth           16%        3d11*     50%         5
 Summon Mana Viper        Hex/Summ       33%        N/A       50%         5
 Haunt                    Necr/Summ      42%        N/A       50%         7
 Death's Door             Necr           56%        N/A       91%         9
 Dispersal                Tloc           16%        N/A       96%         6
 Starburst                Conj/Fire      16%        6d6       96%         6
 Necromutation            Tmut/Necr      42%        N/A       98%         8
 Malign Gateway           Summ/Tloc      16%        N/A       100%        7
 Ignition                 Fire           16%        3d7       100%        8
 Summon Horrible Things   Summ           16%        N/A       100%        8
 Fire Storm               Conj/Fire      16%        8d4       100%        9


Dungeon Overview and Level Annotations

Branches:
Dungeon (11/15)            Temple (1/1) D:6            Lair (6/6) D:11
  Swamp (4/4) Lair:4       Spider (0/4) Lair:3        Slime (0/5) Lair:5
    Orc (2/2) D:10            Elf (0/3) Orc:2        Bailey (visited)

Altars:
Ashenzari
Cheibriados
Gozag
Kikubaaqudgha
Makhleb
Nemelex Xobeh
Okawaru
Qazlal
Ru
Sif Muna
Trog
Uskayaw
Vehumet
Wu Jian
Xom
Zin
The Shining One
Beogh

Shops:
D:3 *   Orc:2 !(=*

Annotations:
D:9 5 runed translucent doors
Lair:4 exclusion: 2 oklob plants
Swamp:4 Roxanne


Innate Abilities, Weirdness & Mutations

You have hooves in place of feet.
You may rarely emit foul miasma when damaged in melee.
You sometimes gain a little power by taking damage.
Your magical and physical power is slightly enhanced at high health.
You have an extremely huge brain. (Int +4)


Message History

Aiming: Vampiric Draining (safe; 0% risk of failure)
Press: ? - help, Shift-Dir - straight line, f - hornet, p - hornet
Aim: a hornet (severely wounded)
You feel a surge of power!
You draw life force from the hornet.
You feel life coursing into your body.
The thorn hunter fires a volley of thorns at you.
The volley of thorns misses you. You block the hornet's attack.
The hornet closely misses you.
Casting: Vampiric Draining (safe; 0% risk of failure)
Confirm with . or Enter, or press ? or * to list all spells.
Aiming: Vampiric Draining (safe; 0% risk of failure)
Press: ? - help, Shift-Dir - straight line, f/p - hornet
Aim: a hornet (severely wounded)
You feel a surge of power!
You draw life force from the hornet!!
You kill the hornet!
Kikubaaqudgha accepts your kill.
You feel life coursing into your body.
The dead are flying!
The hornet stings you.
You are poisoned.
You suddenly lose the ability to move!
The hornet stings you! The shambling mangrove hits you!!
You focus on the pain.
You feel more agile all of a sudden. The grasping roots constrict you!
The hornet stings you!
* * * LOW HITPOINT WARNING * * *
You feel yourself slow down. The hornet stings you!
* * * LOW HITPOINT WARNING * * *
You feel as though you will be slow longer.
You can move again.
You feel better.
The thorn hunter gestures.
Thorny briars emerge from the ground!
The hornet barely misses you. The hornet misses you.
Your hornet zombie hits the hornet!
A spriggan druid comes into view. It is wielding a +0 quarterstaff.
The shambling mangrove hits you!!
* * * LOW HITPOINT WARNING * * *
You focus on the pain.
You feel more agile all of a sudden. The grasping roots constrict you!!
You die...
Kikubaaqudgha rasps: "You have failed me!
Welcome... death!"

♣# #..≈. .♣### .≈ ..i ##≈≈♣..
≈.♣.## #.#♣####♣♣≈≈♣ #≈♣≈♣.≈
...≈≈## #..≈#.≈≈§§..♣ ##♣..≈♣.≈
..≈.♣.♣# #....≈≈..≈≈≈♣ #≈≈≈..♣)≈
.♣.....♣♣♣}≈≈≈..≈.≈≈♣ ♣..≈≈
♣♣.≈.≈..♣# #..≈...f# ♣♣≈≈≈.
♣..≈≈...≈#♣ ♣..≈fy# ♣♣.≈≈≈≈
♣♣..≈.≈.!≈## #.≈@y# ♣♣♣≈≈≈≈≈≈
♣...≈.≈....#♣##.Z## ♣.≈≈≈≈≈≈≈
♣♣...♣....§.♣♣...###♣♣
♣♣≈≈≈[≈[≈.
♣♣♣♣♣♣..≈≈..≈≈.≈.≈..♣♣♣≈≈≈≈.≈≈♣♣
♣♣..)♣.P..≈≈...≈≈≈.♣.≈.?♣♣≈♣♣
♣♣.≈≈..PPPPPPPP.♣≈≈....≈♣♣..♣.
♣..≈...PPPPPPP≈..≈.≈♣♣♣♣♣♣....
.♣≈...§≈♣.........).≈≈♣ ♣..≈♣
....≈≈.≈.≈.≈......♣♣≈♣♣ ♣♣≈.♣


You could see a thorn hunter, a shambling mangrove, a spriggan druid
(wandering), 2 hornets and a friendly hornet zombie.

Vanquished Creatures
  Gastronok (D:8)
  A hydra zombie (Swamp:4)
  An orc warlord (Bailey)
  2 eleionomae
  2 vampire knights (Swamp:4)
  4 bunyips
  2 shambling mangroves
  A spriggan air mage (Swamp:4)
  9 hydras
  A ghost crab (Swamp:2)
  Harold (Orc:1)
  Erica (D:8)
  2 two-headed ogres
  4 alligators
  5 death yaks
  4 orc high priests (Orc:2)
  5 goliath frogs
  2 spriggan riders
  3 spriggan druids
  2 swamp dragons
  A spectral hydra (Swamp:4)
  Pikel (D:7)
  3 bog bodies
  4 orc knights
  A lindwurm (Lair:6)
  A manticore (D:11)
  3 orc sorcerers (Orc:2)
  A cyclops (Orc:1)
  10 elephants
  2 black mambas
  An eye of devastation (Lair:5)
  A torpor snail (Lair:4)
  A gargoyle (D:11)
  6 cane toads
  Maggie (D:7)
  7 komodo dragons
  An unseen horror (D:10)
  3 rime drakes
  2 ice devils (D:11)
  9 polar bears
  A bloated husk (Swamp:2)
  A troll (D:11)
  6 tyrant leeches
  8 hornets
  3 meliai (Lair:4)
  A polar bear (shapeshifter) (D:5)
  11 blink frogs
  4 dream sheep
  2 raiju (Lair:6)
  Sigmund (D:2)
  14 spriggans
  2 vampires (D:11)
  3 wraiths
  A shadow (D:10)
  6 wyverns
  36 yaks
  5 basilisks
  A steam dragon (Lair:5)
  6 swamp worms
  9 vampire mosquitoes
  6 wargs
  An acid dragon (D:6)
  14 water moccasins
  9 hell hounds (Lair:6)
  Duvessa (D:6)
  11 black bears
  24 orc warriors
  5 swamp drakes
  6 ice beasts
  A sky beast (D:6)
  10 ogres
  27 wolves
  2 centaurs
  2 phantoms
  10 bullfrogs
  2 necrophages (D:6)
  3 scorpions
  7 wights
  Dowan (D:6)
  37 killer bees
  3 howler monkeys
  2 electric eels
  2 hounds
  Crazy Yiuf (D:2)
  14 orc priests
  5 iguanas
  21 orc wizards
  2 hell rats
  2 gnolls (Bailey)
  3 adders
  3 river rats
  A shadow imp (D:6)
  2 dart slugs (D:4)
  45 orcs
  5 ball pythons
  6 endoplasms
  3 giant cockroaches
  10 goblins
  11 hobgoblins
  2 quokkas (D:2)
  4 bats
  5 frilled lizards
  13 kobolds
  3 rats
580 creatures vanquished.

Vanquished Creatures (collateral kills)
  Rupert (Lair:3)
  Donald (Swamp:4)
  Louise (Swamp:2)
  An eleionoma (Swamp:2)
  3 bunyips
  A shambling mangrove (Swamp:3)
  10 hydras
  9 alligators
  2 death yaks
  2 goliath frogs
  A bog body (Swamp:3)
  A flayed ghost (Swamp:4)
  3 swamp dragons
  2 spectral hydras (Swamp:4)
  A will-o-the-wisp (Swamp:3)
  An orc knight (Orc:2)
  An orc sorcerer (Orc:2)
  2 black mambas
  7 elephants
  6 cane toads
  A swamp worm zombie (Swamp:1)
  A rime drake (Lair:1)
  3 komodo dragons
  A freezing wraith (Swamp:4)
  5 death drake zombies (Swamp:4)
  4 tyrant leeches
  2 trolls
  3 polar bears (Lair:6)
  A hydra zombie (Swamp:4)
  7 hornets
  11 blink frogs
  A hydra skeleton (Swamp:4)
  A death drake skeleton (Swamp:4)
  A culicivora (Lair:3)
  A jumping spider (Lair:3)
  A shadow (D:8)
  A vampire (D:8)
  A spriggan (Swamp:3)
  19 yaks
  2 redbacks (Lair:3)
  A vampire mosquito (Swamp:2)
  A basilisk (Lair:4)
  4 water moccasins
  2 hell hounds (Lair:6)
  2 swamp worms
  3 hydra simulacra (Swamp:4)
  A swamp drake (Swamp:4)
  A floating eye (Lair:5)
  3 swamp dragon zombies (Swamp:4)
  2 black bears (Lair:6)
  2 ogres
  3 orc warriors
  4 wolves
  2 bullfrogs
  A yak zombie (D:10)
  7 killer bees (Lair:4)
  2 hounds
  An orc priest (Orc:2)
  An orc wizard (Orc:1)
  7 hell rats
  2 orc zombies (Orc:2)
  8 river rats
  A worm (D:2)
  12 orcs
  2 rats
198 creatures vanquished.

Vanquished Creatures (others)
  A fenstrider witch (Swamp:4)
  2 bunyips (Swamp:4)
  2 hydras
  A boulder beetle (Lair:5)
  3 death yaks (Lair:6)
  A spriggan (Swamp:4)
  A bunyip zombie (Swamp:4)
  2 death drakes (Swamp:4)
  A spriggan druid (Swamp:3)
  2 goliath frogs (Swamp:4)
  2 bog bodies
  An orc sorcerer (Orc:2)
  An orc knight (Orc:2)
  2 elephants (Lair:3)
  3 death yak zombies (Lair:3)
  A torpor snail (Lair:5)
  4 swamp worm zombies
  A bloated husk (Swamp:1)
  A human zombie (Swamp:2)
  2 hydra zombies
  A queen bee (Lair:4)
  3 hornets
  A raiju (Lair:6)
  2 alligator zombies
  2 dream sheep (Lair:5)
  2 yaks
  A wyvern (Lair:4)
  2 black mamba zombies (Lair:5)
  A warg (Lair:6)
  3 hell hounds (Lair:6)
  3 cane toad zombies
  An orc warrior (Orc:2)
  12 elephant zombies
  2 hornet zombies (Swamp:4)
  2 black bears (Lair:6)
  A swamp dragon zombie (Swamp:4)
  2 wolves
  9 blink frog zombies
  2 vampire mosquito zombies (Swamp:1)
  2 komodo dragon zombies (Lair:6)
  A hell hound zombie (Lair:6)
  3 water moccasin zombies
  2 warg zombies (Lair:6)
  A troll zombie (Orc:2)
  7 spriggan zombies
  10 yak zombies
  13 wolf zombies
  A bullfrog zombie (Lair:2)
  An orc priest (Orc:2)
  An orc wizard (Orc:2)
  10 killer bee zombies
  An ogre zombie (Orc:2)
  2 hell rat zombies (Lair:2)
  A gnoll (Bailey)
  40 orc zombies
  3 orcs
  4 river rat zombies
  2 foxfires (Swamp:3)
  11 fulminant prisms
  58 fungi
  96 plants
356 creatures vanquished.

Grand Total: 1134 creatures vanquished

Notes
Turn   | Place    | Note
-------+----------+-------------------------------------------
     0 | D:1      | DuloT34 the Demonspawn Necromancer began the quest for the
                  | Orb.
     0 | D:1      | Reached XP level 1. HP: 13/13 MP: 3/3
   466 | D:1      | Gained mutation: You have large cloven feet. [demonic
                  | ancestry]
   466 | D:1      | Reached XP level 2. HP: 18/20 MP: 0/5
  1074 | D:1      | Reached skill level 1 in Fighting
  1721 | D:2      | Noticed Sigmund
  1756 | D:2      | Gained mutation: You have an unusually large brain. (Int
                  | +2) [demonic ancestry]
  1756 | D:2      | Reached XP level 3. HP: 26/26 MP: 4/6
  1760 | D:2      | Learned a level 3 spell: Vampiric Draining
  1856 | D:2      | Killed Sigmund
  1857 | D:2      | Reached skill level 5 in Necromancy
  1857 | D:2      | Reached XP level 4. HP: 29/34 MP: 0/8
  1857 | D:2      | Reached XP level 5. HP: 33/39 MP: 0/9
  2418 | D:2      | Found a runed translucent door.
  2419 | D:2      | Noticed Crazy Yiuf
  2471 | D:2      | Killed Crazy Yiuf
  2656 | D:3      | Found Alureg's General Store.
  2896 | D:3      | Found a faded altar of an unknown god.
  3418 | D:4      | Gained mutation: You have hoof-like feet. [demonic
                  | ancestry]
  3418 | D:4      | Reached XP level 6. HP: 39/46 MP: 7/11
  4276 | D:5      | Entered Level 5 of the Dungeon
  4313 | D:5      | Noticed a shapeshifter
  4313 | D:5      | an orc changed into a shapeshifter
  4313 | D:5      | Noticed a polar bear
  4313 | D:5      | a shapeshifter changed into a polar bear
  4319 | D:5      | Killed a polar bear
  4320 | D:5      | Reached skill level 6 in Necromancy
  4320 | D:5      | Gained mutation: You sometimes gain a little power by
                  | taking damage. [demonic ancestry]
  4320 | D:5      | Reached XP level 7. HP: 44/52 MP: 1/12
  4439 | D:5      | Learned a level 4 spell: Animate Dead
  4445 | D:5      | Learned a level 5 spell: Agony
  4503 | D:5      | Found a shimmering blue altar of Sif Muna.
  4503 | D:5      | Found an ornate altar of the Wu Jian Council.
  4513 | D:5      | Found a shimmering altar of Xom.
  4588 | D:5      | Found a faded altar of an unknown god.
  4590 | D:5      | Found a faded altar of an unknown god.
  5539 | D:6      | Gained mutation: You have an extremely huge brain. (Int +4)
                  | [demonic ancestry]
  5539 | D:6      | Reached XP level 8. HP: 61/61 MP: 13/15
  5602 | D:6      | Reached skill level 7 in Necromancy
  6115 | D:6      | Found a staircase to the Ecumenical Temple.
  6136 | Temple   | Entered the Ecumenical Temple
  6149 | Temple   | Became a worshipper of Kikubaaqudgha
  6185 | D:6      | Reached skill level 5 in Spellcasting
  6324 | D:6      | Reached skill level 5 in Fighting
  6324 | D:6      | Reached skill level 5 in Dodging
  7690 | D:6      | Reached XP level 9. HP: 63/69 MP: 8/17
  7974 | D:7      | Reached skill level 8 in Necromancy
  8734 | D:7      | Learned a level 4 spell: Fulminant Prism
  8769 | D:7      | Noticed Maggie
  8779 | D:7      | Killed Maggie
  9225 | D:7      | Noticed Pikel
  9232 | D:7      | Killed Pikel
  9445 | D:7      | Noticed Duvessa
  9453 | D:7      | Noticed Dowan
  9469 | D:6      | Killed Duvessa
  9470 | D:6      | Reached skill level 9 in Necromancy
  9479 | D:6      | Killed Dowan
  9578 | D:7      | Found an iron altar of Okawaru.
  9579 | D:7      | Found a sparkling altar of Nemelex Xobeh.
  9579 | D:7      | Found a radiant altar of Vehumet.
  9581 | D:7      | Found a sacrificial altar of Ru.
  9912 | D:7      | Got Plog's Handbook of Flames
 10154 | D:8      | Identified the amulet "Jelaesm" {Reflect Rampage rF+ rC+
                  | SH+5}
 10213 | D:8      | Noticed Gastronok
 10276 | D:8      | Noticed a two-headed ogre
 10285 | D:8      | Killed a two-headed ogre
 10286 | D:8      | Gained mutation: You have hooves in place of feet. [demonic
                  | ancestry]
 10286 | D:8      | Reached XP level 10. HP: 47/79 MP: 4/20
 10286 | D:8      | Found a flagged portal.
 10295 | Bailey   | Entered a bailey
 10350 | Bailey   | Noticed an orc warlord
 10369 | Bailey   | Reached * piety under Kikubaaqudgha
 10369 | Bailey   | Received a gift from Kikubaaqudgha
 10383 | Bailey   | Learned a level 2 spell: Sublimation of Blood
 10449 | Bailey   | Found a runed translucent gate.
 10452 | Bailey   | Found a runed translucent gate.
 10454 | Bailey   | Found a runed translucent gate.
 10756 | Bailey   | Killed an orc warlord
 11157 | Bailey   | Got Hecuis's Almanac of Venomous Execration
 11160 | Bailey   | Acquired Sif Muna's Collected Works on Creative Black Magic
 11345 | D:8      | Killed Gastronok
 11346 | D:8      | Reached skill level 1 in Armour
 11346 | D:8      | Reached skill level 10 in Necromancy
 11755 | D:8      | Noticed Erica
 11774 | D:8      | Killed Erica
 11979 | D:8      | Identified the +0 chain mail "Ula Anel" {rN+ Will- Int+7}
 12000 | D:8      | Learned a level 6 spell: Simulacrum
 12260 | D:8      | Gained mutation: You may rarely emit foul miasma when
                  | damaged in melee. [demonic ancestry]
 12260 | D:8      | Reached XP level 11. HP: 52/87 MP: 23/23
 13927 | D:9      | Found the +9 staff of Olgreb {rPois∞}
 13931 | D:9      | Found a runed translucent door.
 13939 | D:9      | Found a runed translucent gate.
 13939 | D:9      | Found a runed translucent gate.
 13939 | D:9      | Noticed a wolf spider
 13940 | D:9      | Found a runed translucent door.
 14057 | D:9      | Found a runed translucent gate.
 14187 | D:9      | Reached ** piety under Kikubaaqudgha
 14897 | D:10     | Entered Level 10 of the Dungeon
 15128 | D:10     | Found a staircase to the Orcish Mines.
 15525 | D:10     | Reached skill level 11 in Necromancy
 17464 | D:11     | Reached skill level 5 in Armour
 17640 | D:11     | Found a staircase to the Lair.
 17764 | Lair:1   | Entered Level 1 of the Lair of Beasts
 18057 | Lair:1   | Reached XP level 12. HP: 94/97 MP: 13/25
 18372 | Lair:1   | Reached skill level 10 in Fighting
 19066 | Lair:2   | Upgraded the game from 0.29-a0-577-gafbf2c5d25 to
                  | 0.29-a0-582-ge82337ba6a
 19162 | Lair:2   | You fall into a shaft and drop 2 floors!
 19257 | Lair:4   | Identified the +0 robe "Eqoreo" {+Blink rPois Str+3 Stlth+}
 19332 | Lair:4   | Reached skill level 12 in Necromancy
 19509 | Lair:4   | Reached skill level 10 in Spellcasting
 19527 | Lair:4   | Learned a level 4 spell: Anguish
 19765 | Lair:4   | Reached *** piety under Kikubaaqudgha
 19765 | Lair:4   | Received a gift from Kikubaaqudgha
 20514 | Lair:2   | Noticed an eight-headed hydra
 21364 | Lair:2   | Killed an eight-headed hydra
 21365 | Lair:2   | Reached XP level 13. HP: 76/106 MP: 16/27
 21393 | Lair:2   | Reached **** piety under Kikubaaqudgha
 21916 | Lair:2   | Reached skill level 13 in Necromancy
 23146 | Lair:3   | Noticed Rupert
 23181 | Lair:3   | Killed Rupert
 23360 | Lair:3   | Found a hole to the Spider Nest.
 23987 | Lair:4   | Reached ***** piety under Kikubaaqudgha
 24898 | Lair:4   | Found a staircase to the Swamp.
 24917 | Lair:4   | Reached skill level 14 in Necromancy
 25437 | Lair:5   | Found a staircase to the Slime Pits.
 25441 | Lair:5   | Paralysed by a floating eye for 3 turns
 25452 | Lair:5   | Paralysed by a floating eye for 4 turns
 25597 | Lair:5   | Gained mutation: Your magical and physical power is
                  | slightly enhanced at high health. [demonic ancestry]
 25597 | Lair:5   | Reached XP level 14. HP: 105/116 MP: 29/29
 26439 | Lair:5   | Found the ring of the Mage {Wiz Archmagi}
 26680 | Lair:6   | Entered Level 6 of the Lair of Beasts
 27444 | Lair:6   | Reached ****** piety under Kikubaaqudgha
 27445 | Lair:6   | Received a gift from Kikubaaqudgha
 27460 | Lair:6   | Reached skill level 10 in Armour
 27852 | Lair:6   | Learned a level 5 spell: Borgnjor's Vile Clutch
 30404 | Orc:1    | Entered Level 1 of the Orcish Mines
 30458 | Orc:2    | Entered Level 2 of the Orcish Mines
 30459 | Orc:2    | Found a staircase to the Elven Halls.
 31182 | Orc:2    | Found Rirphiz's General Store.
 31187 | Orc:2    | Reached XP level 15. HP: 67/124 MP: 30/31
 32391 | Orc:2    | Found Fioclet's Jewellery Emporium.
 32392 | Orc:2    | Found Pinapouj's Distillery.
 32401 | Orc:2    | Found Xohokk's Weapon Shop.
 32406 | Orc:2    | Bought a potion of might for 56 gold pieces
 32406 | Orc:2    | Bought a +1 buckler of reflection for 189 gold pieces
 32435 | Orc:2    | Bought the ring of Xom's Capriciousness {rElec rCorr EV+4
                  | Str+6 Dex-5} for 923 gold pieces
 32822 | Orc:1    | Reached skill level 1 in Shields
 33266 | Orc:1    | Noticed Harold
 33272 | Orc:1    | Killed Harold
 33777 | Swamp:1  | Entered Level 1 of the Swamp
 34340 | Swamp:1  | Reached skill level 10 in Dodging
 34537 | Swamp:1  | Reached skill level 15 in Necromancy
 34927 | Swamp:2  | Noticed Louise
 34933 | Swamp:2  | Killed Louise
 35658 | Swamp:2  | Your ally Louise died
 35982 | Swamp:2  | Learned a level 6 spell: Death Channel
 37206 | Swamp:3  | Reached XP level 16. HP: 134/134 MP: 13/33
 37408 | Swamp:3  | Reached skill level 5 in Shields
 38293 | Swamp:4  | Entered Level 4 of the Swamp
 38614 | Swamp:4  | Reached skill level 15 in Fighting
 38897 | Swamp:4  | Reached skill level 16 in Necromancy
 38971 | Swamp:4  | Noticed Donald
 38976 | Swamp:4  | Killed Donald
 40287 | Swamp:4  | Noticed Roxanne
 40647 | Swamp:4  | Noticed a thorn hunter
 40652 | Swamp:4  | Paralysed by a hornet for 1 turns
 40653 | Swamp:4  | HP: 3/136 [shambling mangrove (31)]
 40653 | Swamp:4  | Constricted to death by a shambling mangrove

Illustrated notes

Levels and vault maps discovered:
D:1:      lordsloth_arrival_two_stooges, layout_loops_ring
D:2:      layout_basic, hangedman_abyss_or_decor_stabs, minivault_5,
          eino_tiny_chamber, uniq_crazy_yiuf_cottage, uniq_sigmund
D:3:      layout_basic, hellmonk_ecumenical_altar_arch_garden, serial_shops,
          shop
D:4:      layout_gridville, nicolae_overflow_crystal_walls
D:5:      layout_loops_ring, chequers_temple_overflow_minitemple
D:6:      layout_cave_pools, temple_statues, nicolae_underground_beach
D:7:      layout_cave_pools, minitemple, corexii_item_surrounded_by_moat,
          minmay_starry_boxes, uniq_maggie, uniq_pikel, uniq_duvessa
D:8:      layout_basic, enter_bailey_2, minmay_misc_feat_room, the_hattery,
          uniq_erica, uniq_gastronok
D:9:      layout_rooms, serial_corexii_hall, corexii_hall_statues_i,
          chequers_hall_statues_corner_a, corexii_hall_statues_u,
          corexii_hall_statues_deadend, minmay_large_rounded_square,
          amcnicky_mini_rare_corridor_liquid, hangedman_decor_clover_reticule,
          minmay_guarded_unrand_staff_of_olgreb
D:10:     layout_long_grid, orc_0_dummy
D:11:     layout_basic, david_lair_generic, portal_ice_cave_demonic_guard
Temple:   nicolae_temple_great_sept
Lair:1:   layout_cave_shapes, serial_bayou, serial_bayou_pond_d,
          serial_bayou_pond_c, serial_bayou_pond_d, serial_bayou_ford_a,
          minivault_26, minmay_stone_trees_small
Lair:2:   beast_lair_carwin_large_1, layout_long_grid, minivault_23,
          kennysheep_rathole
Lair:3:   layout_chaotic_city, spider_nest_entry_funnel_web, uniq_rupert
Lair:4:   hangedman_what_comes_after_a, layout_cave_pods,
          skrybe_swamp_entry_bodies, infiniplex_staircase_pool
Lair:5:   layout_misc_corridors, minmay_slime_entry_eyes,
          infiniplex_staircase_pool_2, grunt_megastairs_5
Lair:6:   hangedman_lair_caniforms_friends, layout_regular_city,
          serial_bayou_shore_a
Swamp:1:  layout_falls_marsh, nicolae_swamp_tree_designs
Swamp:2:  layout_basic_swamp, serial_swamp_ruin, evilmike_swamp_ruin_house_4,
          evilmike_swamp_ruin_rubble_2, evilmike_swamp_ruin_rubble_1,
          uniq_louise
Swamp:3:  layout_basic_swamp, evilmike_swamp_ruin_house_1, nicolae_swamp_oxbows
Swamp:4:  byrel_swamp_growth_death_and_undeath, layout_basic_swamp, uniq_donald,
          uniq_roxanne
Orc:1:    layout_diamond_mine, basic_altar, mines1_david, uniq_harold
Orc:2:    st_orc_elflike, layout_diamond_mine, minmay_orc_keep

Skill      XL: |  1  2  3  4  5  6  7  8  9 10 11 12 13 14 15 16 |
---------------+-------------------------------------------------+-----
Dodging        | 2 3 4 5 7 9 10 | 10.0
Fighting       | 1 2 3 4 5 7 8 9 11 12 13 14 15 | 15.6
Spellcasting   | 3 4 5 7 8 9 10 11 12 13 14 | 14.6
Necromancy     | 5 6 7 9 10 11 12 14 15 16 | 16.5
Armour         | 2 5 7 8 10 | 10.1
Shields        | 4 5 |  5.0
Stealth        | |  1.7

Action                   |  1- 3 |  4- 6 |  7- 9 | 10-12 | 13-15 | 16-18 || total
-------------------------+-------+-------+-------+-------+-------+-------++-------
Melee: Unarmed           |    30 |       |       |       |       |       ||    30
       Kick              |     8 |     3 |       |   143 |   118 |     4 ||   276
       Staff             |     7 |    18 |       |       |       |       ||    25
       Quarterstaff      |       |    45 |   111 |       |       |       ||   156
       Punch             |       |     1 |       |     2 |     5 |       ||     8
       Whip              |       |       |    18 |   435 |   343 |    17 ||   813
       Dagger            |       |       |    12 |       |       |       ||    12
Throw: Dart              |     7 |     3 |     1 |     3 |       |       ||    14
 Cast: Necrotize         |    36 |    20 |    67 |    72 |    89 |    15 ||   299
       Vampiric Draining |     2 |    12 |    55 |   207 |   198 |    17 ||   491
       Fulminant Prism   |       |       |     1 |     1 |     9 |       ||    11
       Animate Dead      |       |       |       |    21 |    18 |     4 ||    43
       Agony             |       |       |       |     6 |       |       ||     6
       Sublimation of Bl |       |       |       |     3 |     8 |     3 ||    14
       Anguish           |       |       |       |     1 |    58 |     5 ||    64
       Borgnjor's Vile C |       |       |       |       |   189 |    80 ||   269
       Simulacrum        |       |       |       |       |     8 |     6 ||    14
       Death Channel     |       |       |       |       |     8 |     3 ||    11
Invok: Unearth Wretches  |       |       |       |     1 |     1 |     2 ||     4
       Receive Forbidden |       |       |       |       |     1 |       ||     1
Evoke: Wand              |       |       |       |     1 |       |     7 ||     8
       Phantom mirror    |       |       |       |       |     1 |     1 ||     2
  Use: Scroll            |     3 |     6 |    13 |    12 |     6 |     1 ||    41
       Potion            |       |       |     4 |     9 |     2 |     2 ||    17
 Stab: Sleeping          |     2 |     2 |     2 |     1 |       |       ||     7
       Invisible         |       |       |     1 |       |       |       ||     1
       Paralysed         |       |       |     4 |     2 |       |     1 ||     7
       Distracted        |       |       |       |     4 |     7 |       ||    11
Armor: Robe              |    12 |    14 |    52 |    46 |       |       ||   124
       Skin              |       |       |       |    24 |       |       ||    24
       Swamp dragon scal |       |       |       |   303 |   281 |    15 ||   599
Dodge: Dodged            |    32 |    45 |   189 |   530 |   437 |    39 ||  1272
Block: Other             |       |       |     2 |   182 |   142 |       ||   326
       Reflection        |       |       |       |     2 |     8 |     1 ||    11
       Buckler           |       |       |       |       |    46 |    30 ||    76

Table legend: (Time is in decaauts)
 A = Elapsed time spent in this place.
 B = Non-inter-level travel time spent in this place.
 C = Inter-level travel time spent in this place.
 D = Time resting spent in this place.
 E = Time spent auto-exploring this place.
 F = Levels seen in this place.
 G = Mean time per level.
                   A        B        C        D        E       F      G
               +--------+--------+--------+--------+--------+-----+--------+
         Total |  42201 |  41100 |   1101 |  16020 |  18587 |  25 | 1688.0 |
       Dungeon |  18722 |  18201 |    521 |   6830 |   8899 |  11 | 1702.0 |
        Temple |     24 |     24 |      0 |      0 |      2 |   1 |   24.0 |
          Lair |  11720 |  11388 |    332 |   3749 |   5836 |   6 | 1953.3 |
         Swamp |   7328 |   7235 |     93 |   3687 |   2271 |   4 | 1832.0 |
  Orcish Mines |   3379 |   3224 |    155 |   1032 |   1536 |   2 | 1689.5 |
        Bailey |   1025 |   1025 |      0 |    721 |     41 |   1 | 1025.0 |
               +--------+--------+--------+--------+--------+-----+--------+

Top non-repeatable levels by time:
     D:6: 2760 daAuts
     D:8: 2663 daAuts
  Lair:4: 2601 daAuts
   Orc:2: 2463 daAuts
  Lair:6: 2249 daAuts
  Lair:3: 2220 daAuts
     D:9: 2211 daAuts
 Swamp:2: 2151 daAuts
  Lair:1: 2097 daAuts
 Swamp:3: 2006 daAuts
 Swamp:4: 1936 daAuts
    D:11: 1893 daAuts
    D:10: 1888 daAuts
     D:5: 1562 daAuts
     D:7: 1452 daAuts
